 Dungeon Crawl Stone Soup version 0.31-a0-1156-g12f98b2 (webtiles) character file.

Game seed: 18262071559571884637

84 PidgeyThePirate the Gusty (level 4, -1/24 HPs)
             Began as a Tengu Air Elementalist on Dec 7, 2023.
             Slain by a cerulean imp
             ... wielding a +2 spear
             ... summoned by Natasha
              (4 damage)
             ... on level 2 of the Dungeon.
             The game lasted 00:05:45 (1205 turns).

PidgeyThePirate the Gusty (Tengu Air Elementalist)  Turns: 1205, Time: 00:05:46

Health: -1/24      AC:  3    Str: 10    XL:     4   Next: 46%
Magic:  8/8        EV: 12    Int: 15    God:
Gold:   104        SH:  0    Dex: 15    Spells: 6/7 levels left

rFire   . . .        m - +4 sling
rCold   . . .        (no shield)
rNeg    . . .        k - +0 leather armour
rPois   .            (helmet restricted)
rElec   .            (no cloak)
rCorr   .            (no gloves)
SInv    .            (boots unavailable)
Will    .....        i - amulet of magic regeneration
Stlth   ++           (no ring)
HPRegen 0.24/turn    (no ring)
MPRegen 0.51/turn

%: acrobat
@: slowed, very slow
A: beak, talons 3, acrobatic
a: no special abilities


You were on level 2 of the Dungeon.
You visited 1 branch of the dungeon, and saw 2 of its levels.

You collected 104 gold pieces.

Inventory:

Hand Weapons
 m - a +4 sling (weapon)
Armour
 a - a +0 robe
 h - an orb of mayhem
 k - a +0 leather armour (worn)
Jewellery
 i - an amulet of magic regeneration (around neck)
Scrolls
 c - a scroll of fog {unknown}
 g - a scroll of revelation
 j - a scroll of enchant armour {unknown}
Potions
 b - a potion of magic
 e - a potion of degeneration {unknown}
 l - 2 potions of invisibility {unknown}
 n - a potion of mutation {unknown}
 o - a potion of haste {unknown}


   Skills:
 + Level 0.5 Fighting
 + Level 2.6 Dodging
 + Level 2.2 Stealth
 + Level 2.4 Spellcasting
 + Level 2.7 Conjurations
 + Level 5.3 Air Magic


You had 6 spell levels left.
You knew the following spells:

 Your Spells              Type           Power      Damage    Failure   Level
a - Shock                 Conj/Air       52%        1d6       5%          1

Your spell library contained the following spells:

 Spells                   Type           Power      Damage    Failure   Level
 Static Discharge         Conj/Air       26%        3-5/arc   9%          2
 Swiftness                Air            17%        N/A       10%         3
 Airstrike                Air            8%         2d(2-18)  32%         4
 Tukima's Dance           Hex            1%         N/A       65%         3
 Iskenderun's Mystic Bla  Conj/Tloc      5%         2d3       86%         4
 Dimensional Bullseye     Hex/Tloc       0%         N/A       96%         4


Dungeon Overview and Level Annotations

Branches:
Dungeon (2/15)

Altars:

Annotations:
D:2 Natasha


Innate Abilities, Weirdness & Mutations

You have a beak for a mouth.
You have claws for feet.
You can magically evade attacks while moving or waiting.


Message History

Fire: m) +4 sling
Press: ? - help, Q - select action, (/) - cycle Shift-Dir - straight line, f/p - Natasha
Aim: Natasha (moderately wounded, 53% to hit)
You shoot a sling bullet. The sling bullet barely misses Natasha.
Natasha mumbles some strange words.
Unknown command.
Casting: Shock (safe; 5% risk of failure)
Confirm with . or Enter, or press ? or * to list all spells.
Aiming: Shock (safe; 5% risk of failure)
Press: ? - help, Shift-Dir - straight line, f/p - Natasha
Aim: Natasha (moderately wounded, 60% to hit)
The zap hits the cerulean imp.
The cerulean imp resists.
The cerulean imp is lightly wounded.
The zap hits Natasha.
Natasha is heavily wounded.
The cerulean imp hits you with a +2 spear.
Casting: Shock (safe; 5% risk of failure)
Confirm with . or Enter, or press ? or * to list all spells.
Aiming: Shock (safe; 5% risk of failure)
Press: ? - help, Shift-Dir - straight line, f/p - Natasha
Aim: Natasha (heavily wounded, 60% to hit)
The zap misses Natasha.
Natasha casts a spell at you. The magic dart hits you.
The cerulean imp hits you with a +2 spear.
Natasha stares at you and mumbles some strange words.
You feel yourself slow down. The cerulean imp misses you.
Okay, then.
As you read the scroll labelled DIEZEQETUM, it crumbles to dust.
It is a scroll of identify.
g - a scroll of revelation Natasha growls.
The cerulean imp hits you from afar with a +2 spear!
* * * LOW HITPOINT WARNING * * *
Natasha claws you.
* * * LOW HITPOINT WARNING * * *
This is a scroll of acquirement!
Something appears before you!
The cerulean imp hits you from afar with a +2 spear.
You die...

#.#####.##.#
#..##..#
#.......##.#
#......#
########...#
#.....##
#.#.#######..####
#.#..........#
#.#.##.###....
#.#.##.# #....
##.....†# #....
#.....@.###÷...
#.##.##h5......
#.#..##..###... #
#[###..# # #..#
...# ##.. .. #..


You could see Natasha and a cerulean imp (summoned).

Vanquished Creatures
  Natasha (D:2)
  2 adders (D:2)
  A worm (D:2)
  A dart slug (D:2)
  2 bats
  3 endoplasms (D:1)
  2 giant cockroaches
  2 goblins (D:1)
  6 hobgoblins
  4 kobolds
  2 quokkas (D:1)
  8 ball pythons
  A frilled lizard (D:1)
  2 rats (D:2)
37 creatures vanquished.

Notes
Turn   | Place    | Note
-------+----------+-------------------------------------------
     0 | D:1      | PidgeyThePirate the Tengu Air Elementalist began the quest
                  | for the Orb.
     0 | D:1      | Reached XP level 1. HP: 10/10 MP: 4/4
   132 | D:1      | Reached XP level 2. HP: 15/15 MP: 0/6
   838 | D:2      | Reached XP level 3. HP: 20/20 MP: 3/7
   851 | D:2      | Noticed Natasha
   859 | D:2      | Killed Natasha
   860 | D:2      | Reached skill level 5 in Air Magic
   890 | D:2      | Reached XP level 4. HP: 24/24 MP: 6/8
  1196 | D:2      | Noticed Natasha
  1205 | D:2      | Identified a scroll of acquirement
  1205 | D:2      | Acquired the ring "Vomuof" {Wiz Fly rN+ Stlth+}
  1205 | D:2      | Slain by a cerulean imp

Illustrated notes

Levels and vault maps discovered:
D:1:      eino_arrival_cavern_a, layout_rooms
D:2:      layout_loops_cross, minmay_statues_item, uniq_natasha

Skill      XL: |  1  2  3 |
---------------+----------+-----
Conjurations   | 2 |  2.7
Air Magic      | 5 |  5.3
Fighting       | |  0.5
Dodging        | |  2.6
Stealth        | |  2.2
Spellcasting   | |  2.4

Action                     |  1- 3 |  4- 6 || total
---------------------------+-------+-------++-------
  Melee: Unarmed           |    10 |       ||    10
         Peck              |     4 |       ||     4
   Fire: Sling             |       |    11 ||    11
   Cast: Shock             |    52 |    33 ||    85
    Use: Scroll            |       |     2 ||     2
 Armour: Robe              |     6 |       ||     6
         Leather armour    |     3 |     8 ||    11
  Dodge: Dodged            |    12 |     6 ||    18

Table legend: (Time is in decaauts)
 A = Elapsed time spent in this place.
 B = Non-inter-level travel time spent in this place.
 C = Inter-level travel time spent in this place.
 D = Time resting spent in this place.
 E = Time spent auto-exploring this place.
 F = Levels seen in this place.
 G = Mean time per level.
                   A        B        C        D        E       F      G
               +--------+--------+--------+--------+--------+-----+--------+
         Total |   1209 |   1171 |     38 |      0 |    899 |   2 |  604.5 |
       Dungeon |   1209 |   1171 |     38 |      0 |    899 |   2 |  604.5 |
               +--------+--------+--------+--------+--------+-----+--------+

Top non-repeatable levels by time:
     D:1: 829 daAuts
     D:2: 380 daAuts
